 Dungeon Crawl Stone Soup version 0.22-a0-398-g8bb545f (webtiles) character file.

3812 emperorscorpion the Basher (level 10, -7/61 HPs)
             Began as a Gargoyle Fighter on May 5, 2018.
             Was an Initiate of Cheibriados.
             Mangled by a death yak (12 damage)
             ... on level 8 of the Dungeon.
             The game lasted 00:15:20 (8473 turns).

emperorscorpion the Basher (Gargoyle Fighter)       Turns: 8473, Time: 00:15:21

Health: -7/61      AC: 15    Str: 24      XL:     10   Next: 17%
Magic:  10/10      EV: 15    Int: 10      God:    Cheibriados [......]
Gold:   213        SH: 12    Dex: 13 (15) Spells: 9/9 levels left

rFire    + . .     SeeInvis .   a - +2 whip (elec)
rCold    . . .     Gourm    .   c - +1 shield
rNeg     + . .     Faith    .   b - +0 scale mail
rPois    ∞         Spirit   .   (no helmet)
rElec    +         Reflect  .   (no cloak)
rCorr    .         Harm     .   (no gloves)
MR       .....                  (no boots)
Stlth    +.........             (no amulet)
HPRegen  0.20/turn              (no ring)
MPRegen  0.12/turn              (no ring)

@: agile, about to teleport, very slow
A: fire resistance 1, negative energy resistance 1, electricity resistance,
unbreathing, evolution 1, petrification resistance, rot immunity, subdued magic
1, AC +7
a: Bend Time, Renounce Religion


You were on level 8 of the Dungeon.
You worshipped Cheibriados.
Cheibriados was noncommittal.
You were not hungry.

You visited 2 branches of the dungeon, and saw 9 of its levels.

You collected 303 gold pieces.
You spent 90 gold pieces at shops.

Inventory:

Hand Weapons
 a - a +2 whip of electrocution (weapon)
 p - a +1 whip of flaming
 r - a +0 flail
Missiles
 e - 14 tomahawks (quivered)
 h - 30 poisoned needles
 t - 38 bolts
Armour
 b - a +0 scale mail (worn)
 c - a +1 shield (worn)
 A - a +2 buckler
Magical Staves
 q - an uncursed staff of earth
Jewellery
 v - an uncursed ring of ice
Wands
 s - a wand of polymorph (18)
 u - a wand of flame (33)
 y - a wand of acid (5)
Scrolls
 g - 2 scrolls of teleportation
 i - 4 scrolls of remove curse
 m - 3 scrolls of identify
 o - 2 scrolls of amnesia
 w - a scroll of blinking
Potions
 d - a potion of might
 j - a potion of agility
 k - 2 potions of brilliance
 l - a potion of degeneration
 n - 4 potions of curing
 x - a potion of heal wounds
 z - 3 potions of lignification
Comestibles
 f - 7 rations


   Skills:
 + Level 6.6 Fighting
 + Level 8.9 Maces & Flails
 + Level 0.9 Throwing
 + Level 7.1 Armour
 + Level 3.8 Dodging
 + Level 1.0 Stealth
 + Level 8.0 Shields


You had 9 spell levels left.
You didn't know any spells.

Dungeon Overview and Level Annotations

Branches:
Dungeon (8/15)             Temple (1/1) D:7            Lair (0/6) D:8

Altars:
Ashenzari
Cheibriados
Dithmenos
Elyvilon
Fedhas
Gozag
Hepliaklqana
Kikubaaqudgha
Makhleb
Nemelex Xobeh
Okawaru
Qazlal
Ru
Sif Muna
Trog
Uskayaw
Vehumet
Wu Jian
Xom
Zin
The Shining One


Innate Abilities, Weirdness & Mutations

You are resistant to torment.
Your stone body is resilient. (AC +7)
You are immune to poison.
You resist negative energy. (rN+)
You are resistant to electric shocks. (rElec)
You can survive without breathing.
You are immune to petrification.
You are immune to rotting.
Your flesh is heat resistant. (rF+)
You evolve.
Your spells are a little easier to cast, but a little less powerful.


Message History

The death yak bellows! x2
Found a potion of brilliance.
A death yak comes into view.
You see here a potion of curing.
n - 4 potions of curing (gained 1)
You block the death yak's attack.
A yak comes into view.
The teleport trap disappears.
The yak disappears!
You see here a runed buckler.
A - a runed buckler The death yak gores you!
The death yak gores you!
You feel agile all of a sudden. The death yak gores you!
Okay, then.
As you read the scroll of teleportation, it crumbles to dust.
You feel strangely unstable. The death yak gores you!
* * * LOW HITPOINT WARNING * * *
The death yak gores you!
You die...

***,,,..........#
***,..Y.......#
*****#.##Y>.#
#......##
##.#.YY.#
#.####Y# #....#Y#
####.#Y# #...#@#
#.###.# #.# #.#
#.# #.# #.# #.#
#######.# #.#
######.[.....#
#.#
.......#######
#.#*** #####..#
*,,,,*


You could see 3 death yaks and a yak.

Vanquished Creatures
  The ghost of Tovarisch the Slicer, a novice MfAr of Gozag (D:7)
  Pikel (D:4)
  A troll (D:6)
  Eustachio (D:6)
  A hungry ghost (D:7)
  Menkaure (D:5)
  An orc warrior (D:6)
  A sky beast (D:6)
  A necrophage (D:5)
  5 ogres
  4 centaurs
  A big kobold (D:7)
  A bullfrog (D:6)
  A scorpion (D:6)
  A water moccasin skeleton (D:6)
  3 howler monkeys
  3 crimson imps
  A quasit (D:6)
  2 centaur zombies
  3 hounds
  2 orc priests (D:5)
  A centaur skeleton (D:6)
  4 orc wizards
  4 worker ants
  A hound skeleton (D:5)
  3 gnolls (D:7)
  10 adders
  2 shadow imps (D:7)
  An adder skeleton (D:6)
  5 worms
  A dart slug (D:1)
  5 leopard geckos
  10 orcs
  4 ball pythons
  8 bats
  A giant cockroach (D:1)
  11 goblins
  6 hobgoblins
  11 jackals
  5 quokkas
  10 frilled lizards
  14 kobolds
  A leopard gecko skeleton (D:5)
  4 rats
158 creatures vanquished.

Vanquished Creatures (others)
  A hound (D:4)
  A centaur skeleton (D:4)
  A howler monkey skeleton (D:4)
  An orc (D:4)
  A frilled lizard (D:4)
5 creatures vanquished.

Grand Total: 163 creatures vanquished

Notes
Turn   | Place    | Note
-------+----------+-------------------------------------------
     0 | D:1      | emperorscorpion the Gargoyle Fighter began the quest for the Orb.
     0 | D:1      | Reached XP level 1. HP: 14/14 MP: 1/1
    43 | D:1      | Reached XP level 2. HP: 12/19 MP: 2/2
   600 | D:1      | Reached XP level 3. HP: 24/24 MP: 3/3
  1214 | D:2      | Noticed a moth of wrath
  1218 | D:2      | Found a bloodstained altar of Trog.
  1459 | D:2      | Reached XP level 4. HP: 29/29 MP: 4/4
  2290 | D:3      | Reached XP level 5. HP: 33/33 MP: 5/5
  2694 | D:3      | Found a blossoming altar of Fedhas.
  2962 | D:4      | Noticed a centaur
  2962 | D:4      | Noticed an ogre
  2983 | D:3      | You fall through a shaft for 2 floors!
  2983 | D:5      | Entered Level 5 of the Dungeon
  3004 | D:5      | Noticed a centaur
  3169 | D:4      | Noticed a slave
  3171 | D:4      | Noticed a slave
  3172 | D:4      | Noticed Pikel
  3172 | D:4      | Noticed a slave
  3172 | D:4      | Noticed a slave
  3217 | D:4      | Reached XP level 6. HP: 25/38 MP: 6/6
  3224 | D:4      | Killed Pikel
  3224 | D:4      | Reached skill level 5 in Maces & Flails
  3224 | D:4      | Reached skill level 5 in Armour
  3224 | D:4      | Reached skill level 1 in Dodging
  3224 | D:4      | Reached skill level 5 in Shields
  3224 | D:4      | Reached XP level 7. HP: 23/44 MP: 7/7
  3525 | D:4      | Found a white marble altar of Elyvilon.
  3528 | D:4      | Found a radiant altar of Vehumet.
  3531 | D:4      | Found a sacrificial altar of Ru.
  3647 | D:4      | Reached XP level 8. HP: 13/48 MP: 8/8
  4727 | D:5      | Reached skill level 5 in Fighting
  4839 | D:5      | Noticed Menkaure
  4853 | D:5      | Killed Menkaure
  5492 | D:6      | Reached XP level 9. HP: 40/54 MP: 9/9
  6168 | D:6      | Found a shadowy altar of Dithmenos.
  6169 | D:6      | Found a stormy altar of Qazlal.
  6313 | D:6      | Noticed Eustachio
  6341 | D:6      | Killed Eustachio
  6438 | D:6      | Gained mutation: Your spells are a little easier to cast, but a little less powerful. [potion of mutation]
  6438 | D:6      | Gained mutation: Your flesh is heat resistant. (rF+) [potion of mutation]
  6438 | D:6      | Gained mutation: You evolve. [potion of mutation]
  6442 | D:6      | HP: 2/54 [orc warrior/glaive (6)]
  7230 | D:6      | Noticed a troll
  7239 | D:6      | Killed a troll
  7274 | D:6      | Found Zin's Purification Station.
  7278 | D:6      | Found a glowing silver altar of Zin.
  7281 | D:6      | Bought a potion of curing for 90 gold pieces
  7632 | D:7      | Found a staircase to the Ecumenical Temple.
  7668 | Temple   | Entered the Ecumenical Temple
  7854 | Temple   | Became a worshipper of Cheibriados the Contemplative
  8122 | D:7      | Noticed Tovarisch's ghost (novice MfAr)
  8152 | D:7      | Killed Tovarisch's ghost
  8152 | D:7      | Reached skill level 1 in Stealth
  8152 | D:7      | Reached XP level 10. HP: 53/61 MP: 10/10
  8333 | D:7      | Found a sparkling altar of Nemelex Xobeh.
  8460 | D:8      | Found a staircase to the Lair.
  8462 | D:8      | Noticed a death yak
  8462 | D:8      | Noticed a death yak
  8463 | D:8      | Noticed a death yak
  8473 | D:8      | Mangled by a death yak

Vault maps used:
D:1:      dpeg_arrival_orchard
D:2:      tgw_trog
D:3:      fedhas_altar_2
D:4:      grunt_temple_overflow_diamond, uniq_pikel
D:5:      first_ration, uniq_menkaure
D:6:      kennysheep_spiral_hall, zin_purify, gammafunk_temple_overflow_statue,
          kennysheep_generic_room_13, uniq_eustachio
D:7:      nemelex_altar_shiori, minmay_temple_entry_statues
D:8:      dpeg_lair_monsters, grunt_livestock
Temple:   minmay_temple_bridge_abc

Skill      XL: |  1  2  3  4  5  6  7  8  9 |
---------------+----------------------------+-----
Shields        | 4 5 6 8 |  8.0
Armour         | 4 5 7 |  7.1
Maces & Flails | 3 5 7 8 |  8.9
Fighting       | 4 5 6 |  6.6
Dodging        | 1 2 3 |  3.8
Stealth        | 1 |  1.0
Throwing       | |  0.9

Action                   |  1- 3 |  4- 6 |  7- 9 | 10-12 || total
-------------------------+-------+-------+-------+-------++-------
Melee: Flail             |   179 |   206 |   376 |       ||   761
       Whip              |       |       |   139 |     4 ||   143
Throw: Tomahawk          |       |       |    14 |       ||    14
Evoke: Wand              |       |       |     1 |       ||     1
  Use: Scroll            |       |     7 |       |     5 ||    12
       Potion            |       |     2 |     8 |     1 ||    11
  Eat: Chunk             |     2 |     6 |    16 |     1 ||    25
       Ration            |       |       |     1 |       ||     1
Armor: Scale mail        |   106 |   116 |   316 |     2 ||   540
       Skin              |       |       |     5 |       ||     5
Dodge: Dodged            |    62 |    63 |   204 |       ||   329
Block: Shield            |    98 |   123 |   278 |     4 ||   503

Table legend:
 A = Spawn XP
 B = Non-spawn XP
 C = Spawn XP percentage of total XP
 D = Spawn monster count
 E = Non-spawn monster count
 F = Spawn count percentage of total count
 G = Total turns spent on level
                    A         B        C        D         E        F      G
               +---------+---------+-------+---------+---------+-------+---------
         Total |       0 |    5446 |   0.0 |       0 |     158 |   0.0 |  8473
               +---------+---------+-------+---------+---------+-------+---------
           D:1 |       0 |      50 |   0.0 |       0 |      28 |   0.0 |   967
           D:2 |       0 |     104 |   0.0 |       0 |      22 |   0.0 |  1111
           D:3 |       0 |      66 |   0.0 |       0 |      26 |   0.0 |   901
           D:4 |       0 |    1140 |   0.0 |       0 |      13 |   0.0 |  1548
           D:5 |       0 |     938 |   0.0 |       0 |      18 |   0.0 |   950
           D:6 |       0 |    1596 |   0.0 |       0 |      23 |   0.0 |  1850
           D:7 |       0 |    1552 |   0.0 |       0 |      28 |   0.0 |   890
               +---------+---------+-------+---------+---------+-------+---------
